 Dungeon Crawl Stone Soup version 0.27.1-33-g824d729ab1 (webtiles) character file.

Game seed: 18361591059715737829

58 belegose the Skirmisher (level 4, -3/52 HPs)
             Began as a Djinni Abyssal Knight on Dec 12, 2021.
             Was a Follower of Lugonu.
             Killed by divine providence
             ... invoked by an orc priest
              (15 damage)
             ... on level 3 of the Dungeon.
             The game lasted 00:04:45 (2378 turns).

belegose the Skirmisher (Djinni Abyssal Knight)     Turns: 2378, Time: 00:04:46

Health: -3/52      AC:  3    Str: 11    XL:     4   Next: 21%
Gold:   65         EV: 12    Int: 15    God:    Lugonu [*.....] SH:  0 Dex: 12

rFire    + + .     SeeInvis .   a - +1 falchion
rCold    x . .     Faith    .   (no shield)
rNeg     . . .     Spirit   .   b - +0 leather armour
rPois    ∞         Reflect  .   (no helmet)
rElec    .         Harm     .   (no cloak)
rCorr    .         Rampage  .   (no gloves)
Will     .....                  (boots unavailable)
Stlth    ..........             g - amulet of the acrobat
HPRegen  0.17/turn              (no ring)
MPRegen  0.00/turn              (no ring)

@: berserking, flying, very quick
A: sickness immunity, fire resistance 2, cold vulnerability 1, float, innate
caster, hp casting, extra vitality 1
a: Renounce Religion, Depart the Abyss


You were on level 3 of the Dungeon.
You worshipped Lugonu.
Lugonu was aware of your devotion.
You visited 1 branch of the dungeon, and saw 3 of its levels.
You visited the Abyss 1 time.

You collected 65 gold pieces.

Inventory:

Hand Weapons
 a - a +1 falchion (weapon)
 i - a +0 long sword
Missiles
 k - 30 stones
Armour
 b - a +0 leather armour (worn)
Jewellery
 g - an amulet of the acrobat (around neck)
Wands
 e - a wand of mindburst (15)
 o - a wand of flame (15)
Scrolls
 c - a scroll of vulnerability {unknown}
 f - 2 scrolls of magic mapping {unknown}
 h - a scroll of torment {unknown}
 l - 2 scrolls of identify {unknown}
Potions
 n - a potion of brilliance {unknown}


   Skills:
 + Level 3.5 Fighting
 + Level 2.3 Long Blades
 - Level 1.0 Armour
 + Level 2.9 Dodging
 + Level 2.5 Invocations


You had 2 spell levels left.
You knew the following spells:

 Your Spells              Type           Power      Damage    Failure   Level
a - Pain                  Necr           0%         1d4       34%         1
Your spell library was empty.

Dungeon Overview and Level Annotations

Branches:
Dungeon (3/15)

Altars:


Innate Abilities, Weirdness & Mutations

You are immune to sickness and miasma.
You are immune to poison.
Your flesh is very heat resistant. (rF++)
You are vulnerable to cold. (rC-)
You float through the air rather than walking.
You learn spells naturally, not from books.
Your magical power is your life essence.
You have superior vitality. (+4 HP)


Message History

The magic dart hits you!
You fly upwards.
There is a stone staircase leading down here.
Unknown command.
You start resting.
HP restored.
Unknown command.
You fly downwards.
There is a stone staircase leading up here.
The orc wizard completely misses you. The orc hits you with a +0 trident.
The orc priest barely misses you.
You riposte.
You barely miss the orc priest.
There is a stone staircase leading up here.
It was a potion of curing.
You feel better. The orc wizard barely misses you.
The orc completely misses you.
The orc priest mumbles some strange prayers to Beogh against you.
Beogh smites you!
It was a potion of berserk rage.
A red film seems to cover your vision as you go berserk!
You feel yourself moving faster!
You feel mighty!
The orc wizard hits you but does no damage.
The orc closely misses you.
You riposte.
You hit the orc.
You kill the orc!
Lugonu accepts your kill.
The orc priest hits you with a +2 morningstar of protection!
You hit the orc priest.
The orc priest is lightly wounded.
The orc wizard points at you and mumbles some strange words.
You resist with some effort.
Unknown command.
You closely miss the orc priest.
The orc priest is lightly wounded.
The orc priest hits you with a +2 morningstar of protection!
* * * LOW HITPOINT WARNING * * *
The orc wizard hits you with a +0 dagger.
* * * LOW HITPOINT WARNING * * *
You closely miss the orc priest.
The orc priest is lightly wounded.
The orc priest calls down the wrath of Beogh upon you.
Beogh smites you!
You die...

#...........#
#...........#
#...........#
#...........# ....
#...........# #....
#...........# #....
#...........# #####....
#.....).o...# #........
+......@)...# #........
#.......o...# #.....#
#...........####.....#
#####.........##.).o{###
#.#######.##.#....o. #.
#.##o#o.###. #.
#.##o#..###. #.
#o##.#..#...
#.##.#..#.#.


You could see an orc priest and an orc wizard.

Vanquished Creatures
  An adder (D:2)
  A worm (D:2)
  3 dart slugs
  7 orcs
  3 ball pythons
  A bat (D:2)
  2 endoplasms
  A giant cockroach (D:1)
  A goblin (D:1)
  A hobgoblin (D:2)
  2 quokkas
  4 frilled lizards
  5 kobolds
32 creatures vanquished.

Notes
Turn   | Place    | Note
-------+----------+-------------------------------------------
     0 | Abyss:1  | belegose the Djinni Abyssal Knight began the quest for the
                  | Orb.
     0 | Abyss:1  | Reached XP level 1. HP: 20/20 MP: 0/0
    39 | Abyss:3  | Noticed a large abomination
    61 | Abyss:3  | Noticed an ancient zyme
    68 | Abyss:3  | Noticed a thrashing horror
    69 | Abyss:3  | Noticed a thrashing horror
    69 | Abyss:3  | Noticed a thrashing horror
    71 | Abyss:4  | Noticed a large abomination
    71 | D:1      | Escaped the Abyss
   303 | D:1      | Reached XP level 2. HP: 25/25 MP: 0/0
   477 | D:1      | Reached * piety under Lugonu
   888 | D:2      | Reached XP level 3. HP: 28/30 MP: 0/0
   888 | D:2      | Learned a level 1 spell: Pain
  1003 | D:2      | Found a faded altar of an unknown god.
  1616 | D:2      | Reached XP level 4. HP: 12/35 MP: 0/0
  2378 | D:3      | Killed from afar by an orc priest

Illustrated notes

Levels and vault maps discovered:
D:1:      minmay_arrival_plants_in_alcoves, layout_basic, minmay_tripent
D:2:      layout_basic, basic_ecumenical_altar, kennysheep_donut
D:3:      layout_basic, chequers_temple_overflow_statue_of_worship,
          mainiacjoe_overflow_catwalk, kennysheep_crisscross, uniq_ijyb

Skill      XL: |  1  2 |
---------------+-------+-----
Invocations    | 2 |  2.5
Long Blades    | 2 |  2.3
Fighting       | |  3.5
Armour         | |  1.0
Dodging        | |  2.9

Action                   |  1- 3 |  4- 6 || total
-------------------------+-------+-------++-------
Melee: Falchion          |    61 |    18 ||    79
Invok: Depart the Abyss  |     1 |       ||     1
  Use: Potion            |     1 |     2 ||     3
 Stab: Sleeping          |     1 |       ||     1
Armor: Leather armour    |    11 |     4 ||    15
Dodge: Dodged            |    68 |    12 ||    80
       Rpst.: Falchion   |    18 |     4 ||    22
